 Dungeon Crawl Stone Soup version 0.30.1-9-gdf580d7c3d (webtiles) character file.

Game seed: 9544637427848413251

1722806 LordWeiramon the Slayer (level 26, 306/306 HPs)
             Began as a Demonspawn Brigand on Oct 9, 2023.
             Was a High Priest of Okawaru.
             Escaped with the Orb
             ... and 3 runes!
             The game lasted 04:58:48 (64627 turns).

LordWeiramon the Slayer (Demonspawn Brigand)       Turns: 64627, Time: 04:58:49

Health: 306/306    AC: 31    Str: 20    XL:     26   Next: 25%
Magic:  34/34      EV: 31    Int: 15    God:    Okawaru [*****.]
Gold:   1666       SH: 20    Dex: 20    Spells: 25/25 levels left

rFire   + . .        a - +9 demon trident (freeze)
rCold   + + +        J - +3 kite shield of Feoczaur {rC+ Int+3 SInv}
rNeg    + . .        R - +5 acid dragon scales of the Arcadian God {rN+ Will++ rCorr Str+2 Int-3}
rPois   +            (helmet unavailable)
rElec   +            T - +1 cloak of Starlight {*Dazzle EV+4 Stlth--}
rCorr   +            X - +2 pair of gloves {Stlth+}
SInv    +            H - +2 pair of boots "Akyeheil" {rPois rF+ rCorr Stlth-}
Will    +++++        U - amulet "Huimaezy" {Acrobat Will+ rCorr Slay+2}
Stlth   +            q - ring "Vank" {Will+ Slay+4}
HPRegen 0.71/turn    M - ring of Nonyse {rElec rC+ rCorr Dex+2 Stlth+}
MPRegen 0.24/turn

%: acrobat
@: studying 3 skills
A: antennae 3, rugged brown scales 3, (demonic guardian 3), powered by pain 3,
robust 3, cold resistance 1, mutation resistance 1
0: Orb of Zot
}: 3/15 runes: decaying, serpentine, silver
a: Renounce Religion, Heroism, Finesse, Duel


You escaped.
You worshipped Okawaru.
Okawaru was extremely pleased with you.
You visited 9 branches of the dungeon, and saw 47 of its levels.
You also visited: Bailey, Gauntlet and Ice Cave.

You collected 9109 gold pieces.
You spent 7443 gold pieces at shops.

Inventory:

Hand Weapons
 a - a +9 demon trident of freezing (weapon)
 b - the +5 demon trident of Eternity {freeze, rElec rN+}
   (Okawaru gifted it to you on level 1 of the Vaults)

   rElec:     It insulates you from electricity.
   rN:        It protects you from negative energy.
 c - the +9 trident of Cheibriados, Grinning {vamp, rPois rF+ rC+}
   (You found it on level 3 of the Dungeon)

   rF:        It protects you from fire.
   rC:        It protects you from cold.
   rPois:     It protects you from poison.
Missiles
 p - 15 silver javelins
 z - 39 javelins
 D - 3 throwing nets (quivered)
Armour
 x - the +5 faerie dragon scales {rF++ rCorr Str-3 Slay+5 SInv}
   (You took it off the Enchantress on level 2 of the Depths)

   Str:       It affects your strength (-3).
   Slay:      It affects your accuracy & damage with ranged weapons and melee
   (+5).
   rF:        It greatly protects you from fire.
   SInv:      It lets you see invisible.
   rCorr:     It protects you from acid and corrosion.
 H - the +2 pair of boots "Akyeheil" (worn) {rPois rF+ rCorr Stlth-}
   (Okawaru gifted it to you on level 4 of the Vaults)

   rF:        It protects you from fire.
   rPois:     It protects you from poison.
   rCorr:     It protects you from acid and corrosion.
   Stlth:     It makes you less stealthy.
 J - the +3 kite shield of Feoczaur (worn) {rC+ Int+3 SInv}
   (Okawaru gifted it to you on level 4 of the Vaults)

   Int:       It affects your intelligence (+3).
   rC:        It protects you from cold.
   SInv:      It lets you see invisible.
 R - the +5 acid dragon scales of the Arcadian God (worn) {rN+ Will++ rCorr Str+2 Int-3}
   (You found it in a Gauntlet)

   Str:       It affects your strength (+2).
   Int:       It affects your intelligence (-3).
   rN:        It protects you from negative energy.
   rCorr:     It protects you from acid and corrosion.
   Will:      It greatly increases your willpower.
 T - the +1 cloak of Starlight (worn) {*Dazzle EV+4 Stlth--}
   (You found it in a Gauntlet)

   *Dazzle:   It may blind those who miss an attack against the wearer in melee
   combat.
   EV:        It affects your evasion (+4).
   Stlth:     It makes you much less stealthy.
 X - a +2 pair of gloves of stealth (worn)
Jewellery
 q - the ring "Vank" (left hand) {Will+ Slay+4}
   (You bought it in a shop on level 2 of the Snake Pit)

   [ring of slaying]

   Slay:      It affects your accuracy & damage with ranged weapons and melee
   (+4).
   Will:      It increases your willpower.
 M - the ring of Nonyse (right hand) {rElec rC+ rCorr Dex+2 Stlth+}
   (You found it on level 1 of the Lair of Beasts)

   [ring of resist corrosion]

   Dex:       It affects your dexterity (+2).
   rC:        It protects you from cold.
   rElec:     It insulates you from electricity.
   rCorr:     It protects you from acid and corrosion.
   Stlth:     It makes you more stealthy.
 Q - the ring "Goruhad" {Fly rN+ MP+9}
   (You found it in a Gauntlet)

   [ring of magical power]

   rN:        It protects you from negative energy.
   MP:        It affects your magic capacity (+9).
   Fly:       It grants you flight.
 U - the amulet "Huimaezy" (around neck) {Acrobat Will+ rCorr Slay+2}
   (You acquired it on level 1 of the Swamp)

   [amulet of the acrobat]

   It increases your evasion while moving and waiting.
   Slay:      It affects your accuracy & damage with ranged weapons and melee
   (+2).
   rCorr:     It protects you from acid and corrosion.
   Will:      It increases your willpower.
Wands
 h - a wand of polymorph (32)
 n - a wand of paralysis (67)
 r - a wand of digging (49)
 B - a wand of quicksilver (26)
 C - a wand of mindburst (45)
 I - a wand of flame (131)
 N - a wand of iceblast (66)
Scrolls
 e - 4 scrolls of fog
 g - 13 scrolls of poison
 k - 12 scrolls of blinking
 o - 5 scrolls of silence
 s - 7 scrolls of magic mapping
 w - 23 scrolls of teleportation
 y - 18 scrolls of enchant armour
 A - 7 scrolls of enchant weapon
 F - 32 scrolls of identify
 O - 6 scrolls of fear
 V - a scroll of brand weapon
 Y - a scroll of acquirement
Potions
 f - 4 potions of berserk rage
 i - 9 potions of might
 j - 5 potions of attraction
 l - 8 potions of flight
 m - 9 potions of heal wounds
 t - 6 potions of magic
 u - 5 potions of resistance
 E - 5 potions of invisibility
 G - 7 potions of mutation
 K - 5 potions of cancellation
 L - 15 potions of curing
 W - 9 potions of haste
Miscellaneous
 d - a lightning rod (4/4)
 S - a condenser vane
 Z - a phial of floods


   Skills:
 - Level 22.0 Fighting
 - Level 2.0(2.1) Short Blades
 - Level 0.8(1.5) Long Blades
 - Level 22.0 Polearms
 - Level 1.7 Throwing
 - Level 22.0 Armour
 - Level 22.0 Dodging
 - Level 3.6 Stealth
 + Level 20.8 Shields
 - Level 15.0 Invocations
 - Level 5.0 Evocations


You had 25 spell levels left.
You didn't know any spells.
Your spell library contained the following spells:

 Spells                   Type           Power      Damage    Failure   Level
 Apportation              Tloc           0%         N/A       36%         1
 Beastly Appendage        Tmut           0%         N/A       36%         1
 Magic Dart               Conj           0%         1d3       36%         1
 Necrotise                Necr           0%         1d4       36%         1
 Shock                    Conj/Air       0%         1d3       36%         1
 Sting                    Tmut/Pois      0%         1d3       36%         1
 Blink                    Tloc           0%         N/A       52%         2
 Ensorcelled Hibernation  Hex/Ice        0%         N/A       52%         2
 Lesser Beckoning         Tloc           0%         N/A       52%         2
 Momentum Strike          Conj/Tloc      0%         3d8       52%         2
 Scorch                   Fire           0%         2d5       52%         2
 Searing Ray              Conj           0%         2d4       52%         2
 Sublimation of Blood     Necr           0%         N/A       52%         2
 Wereblood                Tmut           0%         N/A       52%         2
 Frozen Ramparts          Ice            0%         1d1       75%         3
 Gell's Gravitas          Tloc           0%         N/A       75%         3
 Mephitic Cloud           Conj/Pois/Air  0%         N/A       75%         3
 Ozocubu's Armour         Ice            0%         N/A       75%         3
 Portal Projectile        Hex/Tloc       0%         N/A       75%         3
 Spider Form              Tmut/Pois      0%         N/A       75%         3
 Stone Arrow              Conj/Erth      0%         3d7       75%         3
 Swiftness                Air            0%         N/A       75%         3
 Teleport Other           Tloc           0%         N/A       75%         3
 Vampiric Draining        Necr           0%         2d6       75%         3
 Vhi's Electric Charge    Tloc/Air       0%         N/A       75%         3
 Volatile Blastmotes      Fire/Tloc      0%         2d10      75%         3
 Airstrike                Air            0%         2d(0-16)  98%         4
 Anguish                  Hex/Necr       0%         N/A       98%         4
 Cause Fear               Hex            0%         N/A       98%         4
 Flame Wave               Conj/Fire      0%         2d4       98%         4
 Fulminant Prism          Conj/Hex       0%         3d5       98%         4
 Ice Form                 Ice/Tmut       0%         N/A       98%         4
 Iskenderun's Mystic Bla  Conj/Tloc      0%         2d3       98%         4
 Leda's Liquefaction      Hex/Erth       0%         N/A       98%         4
 Manifold Assault         Tloc           0%         N/A       98%         4
 Passage of Golubria      Tloc           0%         N/A       98%         4
 Petrify                  Tmut/Erth      0%         N/A       98%         4
 Agony                    Necr           0%         N/A       100%        5
 Alistair's Intoxication  Tmut/Pois      0%         N/A       100%        5
 Arcjolt                  Conj/Air       0%         1d10      100%        5
 Blade Hands              Tmut           0%         N/A       100%        5
 Borgnjor's Vile Clutch   Necr/Erth      0%         N/A       100%        5
 Irradiate                Conj/Tmut      0%         3d11      100%        5
 Lee's Rapid Deconstruct  Erth           0%         3d4*      100%        5
 Yara's Violent Unravell  Hex/Tmut       0%         3d3       100%        5
 Conjure Ball Lightning   Conj/Air       0%         3x3d6     100%        6
 Dispersal                Tloc           0%         N/A       100%        6
 Eringya's Noxious Bog    Tmut/Pois      0%         N/A       100%        6
 Plasma Beam              Fire/Air       0%         2x1d11    100%        6
 Starburst                Conj/Fire      0%         6d3       100%        6
 Statue Form              Tmut/Erth      0%         N/A       100%        6
 Dragon Form              Tmut           0%         N/A       100%        7
 Enfeeble                 Hex            0%         N/A       100%        7
 Ozocubu's Refrigeration  Ice            0%         4d7       100%        7
 Storm Form               Tmut/Air       0%         N/A       100%        7
 Discord                  Hex            0%         N/A       100%        8
 Disjunction              Tloc           0%         N/A       100%        8
 Lehudib's Crystal Spear  Conj/Erth      0%         10d2      100%        8
 Maxwell's Capacitive Co  Air            0%         ∞         100%        8
 Chain Lightning          Conj/Air       0%         N/A       100%        9
 Fire Storm               Conj/Fire      0%         5d1       100%        9
 Polar Vortex             Ice            0%         N/A       100%        9
 Shatter                  Erth           0%         3d5*      100%        9
 Summon Small Mammal      Summ           Unusable   N/A       N/A         1
 Call Imp                 Summ           Unusable   N/A       N/A         2
 Tukima's Dance           Hex            Unusable   N/A       N/A         3
 Animate Armour           Summ/Erth      Unusable   N/A       N/A         4
 Animate Dead             Necr           Unusable   N/A       N/A         4
 Summon Ice Beast         Ice/Summ       Unusable   N/A       N/A         4
 Summon Lightning Spire   Summ/Air       Unusable   N/A       N/A         4
 Death Channel            Necr           Unusable   N/A       N/A         6
 Simulacrum               Ice/Necr       Unusable   N/A       N/A         6
 Summon Cactus Giant      Summ           Unusable   N/A       N/A         6
 Summon Hydra             Summ           Unusable   N/A       N/A         7
 Dragon's Call            Summ           Unusable   N/A       N/A         9

Dungeon Overview and Level Annotations

Branches:
Dungeon (15/15)            Temple (0/1) D:5            Lair (5/5) D:10
  Swamp (4/4) Lair:3        Snake (4/4) Lair:2        Slime (0/5) Lair:5
    Orc (2/2) D:12            Elf (3/3) Orc:2        Vaults (5/5) D:14
  Crypt (0/3) Vaults:3     Depths (4/4) D:15            Zot (5/5) Depths:4
 Bailey (visited)           IceCv (visited)         Gauntlet (visited)

Altars:
Ashenzari
Dithmenos
Fedhas
Gozag
Makhleb
Nemelex Xobeh
Okawaru
Qazlal
Ru
Sif Muna
Trog
Uskayaw
Xom
Yredelemnul
Jiyva
Lugonu

Shops:
D:10 [   Orc:2 *:?(   Elf:1 ?   Elf:2 ==:   Elf:3 (*   Snake:2 **=[
Snake:3 (*   Snake:4 ?   Zot:5 *   Depths:3 ?

Portals:
Hell: Depths:1 Depths:2 Depths:3 Depths:4
Abyss: Depths:3
Pandemonium: Depths:1 Depths:2
Ziggurat: Depths:1


Innate Abilities, Weirdness & Mutations

You have a pair of large antennae on your head. (SInv)
You are completely covered in rugged brown scales. (AC +3, +7% HP)
((A powerful demonic guardian rushes to your aid.))
You are powered by pain.
You are extremely robust. (+30% HP)
Your flesh is cold resistant. (rC+)
You are somewhat resistant to further mutation.


Message History

(D) Dungeon (T) Temple (L) Lair (S) Swamp (P) Snake Pit (M) Slime Pits (O) Orcish Mines (E) Elven Halls (V) Vaults (C) Crypt (U) Depths (H) Hell (Z) Zot
Where to? (Enter - D:1 @ (x,y), ? - help)
You sense a monster nearby.
An Orb Guardian comes into view.
You reach to attack!
You puncture the Orb Guardian! You freeze the Orb Guardian.
The Orb Guardian is lightly wounded.
You hit the Orb Guardian but do no damage.
The Orb Guardian is lightly wounded.
You block the Orb Guardian's attack.
You puncture the Orb Guardian! You freeze the Orb Guardian.
The Orb Guardian is moderately wounded.
The Orb Guardian hits you but does no damage.
You hit the Orb Guardian. You freeze the Orb Guardian.
The Orb Guardian is moderately wounded.
The Orb Guardian hits you but does no damage.
You puncture the Orb Guardian! You freeze the Orb Guardian.
The Orb Guardian is heavily wounded.
You block the Orb Guardian's attack.
You impale the Orb Guardian!! You freeze the Orb Guardian.
The Orb Guardian is almost dead.
You block the Orb Guardian's attack.
You hit the Orb Guardian. You freeze the Orb Guardian.
You kill the Orb Guardian!
Okawaru accepts your kill.
No target in view!
(D) Dungeon (T) Temple (L) Lair (S) Swamp (P) Snake Pit (M) Slime Pits (O) Orcish Mines (E) Elven Halls (V) Vaults (C) Crypt (U) Depths (H) Hell (Z) Zot
Where to? (Enter - D:1 @ (x,y), ? - help)
There is a stone staircase leading up here.
You climb upwards.
There is a stone staircase leading down here.
You sense a monster nearby.
There is a staircase leading out of the dungeon here.
You have escaped!

### #@##
#..##
##...####
#.......##
##........##
#..........#
#.........##
##........##
#........##
###


There were no monsters in sight!

Vanquished Creatures
  3 dread liches
  4 ancient liches (Zot:5)
  4 orbs of fire (Zot:5)
  Mara (Swamp:3)
  Mennas (Vaults:3)
  2 juggernauts
  Parghit (Depths:4)
  2 Killer Klowns (Zot:5)
  Frederick (Vaults:3)
  Saint Roka (Vaults:5)
  Vv (Depths:4)
  A curse toe (Zot:4)
  2 pandemonium lords
  4 golden dragons
  the Enchantress (Depths:2)
  Nikola (Depths:2)
  A bone dragon (Vaults:3)
  16 tentacled monstrosities
  4 electric golems
  Zenata (Vaults:3)
  An Ice Fiend (Depths:4)
  7 liches
  Jorgrun (D:14)
  2 hellephants (Depths:4)
  Mlioglotl (Swamp:4)
  2 deep elf master archers (Elf:3)
  28 Orb Guardians
  9 titans
  3 deep elf blademasters
  6 quicksilver dragons
  4 death cobs (Zot:5)
  7 sphinxes
  The ghost of Forgeling the Bewitcher, an adept FeEn of Dithmenos (Vaults:3)
  8 shadow dragons
  Kirke (D:15)
  10 storm dragons
  3 thorn hunters
  4 tengu reavers
  The ghost of Drunn the Unseen, an adept DsEE of Dithmenos (Swamp:1)
  A fenstrider witch (Swamp:2)
  4 deep elf sorcerers
  7 draconian monks
  2 nagarajas
  Aizul (Snake:1)
  5 fire giants
  8 draconian knights
  The ghost of Rem the Devastator, a journeyman OpTm of Vehumet (Swamp:1)
  10 vault wardens
  3 iron dragons
  The ghost of KittyFluff the Bludgeoner, an adept GrBe of Trog (Swamp:1)
  7 draconian scorchers
  The ghost of Ychix the Thaumaturge, a journeyman GnSk of Makhleb (Swamp:3)
  5 frost giants
  4 ghost moths
  2 ghouls (Swamp:4)
  4 spriggan defenders
  6 draconian stormcallers
  An orc warlord (Vaults:3)
  10 draconian shifters
  3 reapers (IceCv)
  2 deep elf elementalists (Elf:3)
  35 very ugly things
  The ghost of LynnLen the Bewitcher, an adept SpEn of Dithmenos (Swamp:1)
  22 stone giants
  14 green draconians
  2 draconian annihilators
  22 ironbound preservers
  A hydra skeleton (Swamp:4)
  5 vampire knights
  2 ironbound thunderhulks
  3 war gargoyles
  5 eleionomae
  Azrael (D:14)
  5 deep elf demonologists
  6 deep elf annihilators
  5 bunyips
  8 black draconians
  14 yellow draconians
  8 red draconians
  Snorg (D:14)
  A minotaur (Gauntlet)
  14 purple draconians
  2 spark wasps (Depths:3)
  11 white draconians
  A crystal guardian (Vaults:3)
  5 dire elephants (Vaults:1)
  An ettin (shapeshifter) (Vaults:5)
  12 deep elf death magi
  10 ettins
  6 deep elf high priests
  A merfolk impaler (Depths:3)
  3 shambling mangroves
  20 yaktaur captains
  8 fire dragons
  6 great orbs of eyes
  A quicksilver dragon skeleton (Vaults:5)
  2 entropy weavers
  4 salamander tyrants
  4 rakshasas
  A peacekeeper (Vaults:3)
  31 vault guards
  5 ice dragons
  27 hydras
  6 ogre magi
  2 boulder beetles
  A two-headed ogre (shapeshifter) (Vaults:5)
  5 spriggan air magi
  10 ironbound frosthearts
  13 anacondas
  A boulder beetle (shapeshifter) (Depths:3)
  8 centaur warriors
  6 death yaks
  10 alligators
  18 two-headed ogres
  9 deep troll shamans
  7 tengu warriors
  14 naga sharpshooters
  10 hell hogs (Depths:4)
  21 naga warriors
  24 dancing weapons
  8 shock serpents
  2 sun demons
  10 deep troll earth magi
  19 deep elf knights
  8 spriggan berserkers
  A shock serpent (shapeshifter) (D:13)
  2 soul eaters
  An iron troll (shapeshifter) (Vaults:5)
  Amaemon (D:8)
  A fire crab (Lair:4)
  10 hell knights
  7 iron trolls
  5 salamander mystics
  An orb spider (shapeshifter) (Vaults:5)
  7 goliath frogs
  A glowing orange brain (Depths:3)
  13 swamp dragons
  6 spriggan druids
  An obsidian statue (IceCv)
  14 naga ritualists
  2 spectral hydras (Swamp:4)
  A tengu zombie (Vaults:1)
  54 deep trolls
  Pikel (D:6)
  6 flayed ghosts
  7 deep elf archers
  12 lindwurms
  An orange crystal statue (IceCv)
  3 phantasmal warriors (Vaults:5)
  2 bog bodies
  12 wizards
  25 deep elf zephyrmancers
  17 ironbound convokers
  3 spriggan simulacra (IceCv)
  22 harpies
  A sphinx zombie (Vaults:1)
  8 necromancers
  45 ugly things
  A shining eye (shapeshifter) (Vaults:5)
  12 mana vipers
  28 deep elf pyromancers
  3 orc sorcerers
  3 oklob plants (Swamp:4)
  19 moths of wrath
  A shining eye (Gauntlet)
  A stone giant zombie (Vaults:1)
  8 will-o-the-wisps
  18 salamanders
  6 cyclopes
  51 black mambas
  A manticore (D:11)
  19 elephants
  4 guardian serpents
  An orange demon (D:8)
  A rust devil (D:8)
  A demonic crawler (D:14)
  3 ice statues
  15 cane toads
  21 vault sentinels
  26 naga magi
  A torpor snail (Gauntlet)
  3 unseen horrors
  4 rime drakes
  12 komodo dragons
  A gargoyle (D:10)
  An elf skeleton (Vaults:5)
  A rime drake (shapeshifter) (Elf:1)
  A human zombie (Vaults:5)
  6 tengu conjurers
  2 efreet (D:15)
  20 yaktaurs
  2 anaconda simulacra (IceCv)
  A kobold demonologist (D:12)
  13 freezing wraiths
  A human skeleton (Vaults:1)
  2 ice devils
  A yaktaur skeleton (Vaults:1)
  A red devil (Zot:5)
  5 death drake zombies (Swamp:4)
  5 polar bears
  21 trolls
  The ghost of Hipn the Trooper, an amateur DsBe of Trog (D:4)
  A hellwing (Depths:4)
  A queen bee (shapeshifter) (D:14)
  23 blink frogs
  5 tyrant leeches
  5 dream sheep
  A death drake skeleton (Swamp:4)
  23 hornets
  A slime creature (shapeshifter) (Vaults:5)
  34 spriggans
  25 slime creatures
  2 vampires
  2 wraiths (D:13)
  2 culicivoras (Vaults:4)
  2 air elementals (Elf:2)
  9 wyverns
  A wyvern (shapeshifter) (Elf:1)
  A human (shapeshifter) (Vaults:5)
  The ghost of Wiggles the Chopper, an amateur MiBe of Trog (D:3)
  8 fire elementals
  48 yaks
  A golden eye (Gauntlet)
  3 hogs (D:15)
  4 redbacks
  6 basilisks
  10 water elementals
  A steam dragon (D:4)
  9 vampire mosquitoes
  A large abomination (D:6)
  A minotaur simulacrum (IceCv)
  19 swamp worms
  3 wargs
  A harpy simulacrum (IceCv)
  53 nagas
  4 hydra simulacra (Swamp:4)
  18 water moccasins
  10 hell hounds
  A floating eye (shapeshifter) (Depths:4)
  3 swamp drakes (Swamp:4)
  A floating eye (Gauntlet)
  A glowing shapeshifter skeleton (Vaults:5)
  An ettin simulacrum (IceCv)
  An ice beast (D:7)
  25 orc warriors
  4 sky beasts
  2 alligator simulacra (IceCv)
  5 black bears
  10 boggarts
  28 ogres
  3 swamp dragon zombies (Swamp:4)
  24 wolves
  A swamp dragon skeleton (Swamp:4)
  27 centaurs
  A phantom (D:5)
  2 lemures
  5 kobold brigands
  A necrophage (Swamp:4)
  11 bullfrogs
  8 deep troll simulacra (IceCv)
  5 earth elementals
  3 scorpions (D:7)
  13 wights
  A lindwurm simulacrum (IceCv)
  3 killer bees (D:10)
  3 electric eels
  3 howler monkeys (D:13)
  5 crimson imps (D:14)
  6 hounds
  7 orc priests
  A gnoll bouda (D:6)
  A jelly (D:4)
  4 iguanas
  12 orc wizards
  A sleepcap (D:6)
  5 adders
  7 gnolls
  3 shadow imps
  5 white imps
  3 ufetubi
  2 worms
  5 dart slugs
  80 orcs
  10 ball pythons
  11 endoplasms
  5 giant cockroaches
  11 goblins
  12 hobgoblins
  10 quokkas
  4 bats
  4 frilled lizards
  27 kobolds
  3 rats
2207 creatures vanquished.

Vanquished Creatures (others)
  A shadow dragon (Vaults:5)
  A red draconian (Zot:1)
  A purple draconian (Zot:2)
  An alligator (Swamp:1)
  A goliath frog (Swamp:1)
  A deep elf pyromancer (Elf:1)
  3 wizards
  2 deep elf zephyrmancers
  A naga mage (Snake:3)
  2 bloated husks (Swamp:3)
  A hornet (Swamp:4)
  A swamp worm (Swamp:3)
  A naga (Snake:1)
  3 orcs (Vaults:5)
  A kobold (D:4)
  64 foxfires
85 creatures vanquished.

Grand Total: 2292 creatures vanquished

Notes
Turn   | Place    | Note
-------+----------+-------------------------------------------
     0 | D:1      | LordWeiramon the Demonspawn Brigand began the quest for the
                  | Orb.
     0 | D:1      | Reached XP level 1. HP: 16/16 MP: 1/1
    81 | D:1      | Gained mutation: You sometimes gain a little power by
                  | taking damage. [demonic ancestry]
    81 | D:1      | Reached XP level 2. HP: 23/23 MP: 2/2
   421 | D:1      | Reached XP level 3. HP: 29/29 MP: 3/3
   990 | D:2      | Found a blossoming altar of Fedhas.
  1248 | D:2      | Gained mutation: You have a pair of small antennae on your
                  | head. [demonic ancestry]
  1248 | D:2      | Reached XP level 4. HP: 25/38 MP: 4/4
  1607 | D:3      | Found a faded altar of an unknown god.
  1782 | D:3      | Found a shimmering altar of Xom.
  1936 | D:3      | Found a runed translucent gate.
  1936 | D:3      | Found a runed translucent gate.
  1938 | D:3      | Found a runed translucent gate.
  1938 | D:3      | Noticed Wiggles's ghost (amateur MiBe)
  2100 | D:3      | Identified the +2 scimitar "Laboenicw" {spect, rF+}
  2195 | D:3      | Identified the +9 trident of Cheibriados, Grinning {vamp,
                  | rPois rF+ rC+}
  2616 | D:4      | Reached skill level 1 in Polearms
  2712 | D:4      | Reached XP level 5. HP: 43/43 MP: 5/5
  2821 | D:4      | Found a stormy altar of Qazlal.
  2821 | D:4      | Found a blossoming altar of Fedhas.
  3091 | D:4      | Found a runed translucent gate.
  3091 | D:4      | Found a runed translucent gate.
  3091 | D:4      | Found a runed translucent gate.
  3094 | D:4      | Found an opulent altar of Gozag.
  3097 | D:4      | Noticed a steam dragon
  3097 | D:4      | Noticed Hipn's ghost (amateur DsBe)
  3155 | D:5      | Entered Level 5 of the Dungeon
  3179 | D:5      | Found a hide-covered altar of Uskayaw.
  3243 | D:5      | Reached XP level 6. HP: 49/49 MP: 6/6
  3286 | D:5      | Found an iron altar of Okawaru.
  3290 | D:5      | Became a worshipper of Warmaster Okawaru
  3484 | D:5      | Found a basalt altar of Yredelemnul.
  3531 | D:5      | Reached skill level 5 in Polearms
  3661 | D:5      | Reached XP level 7. HP: 55/55 MP: 7/7
  3709 | D:5      | Found a staircase to the Ecumenical Temple.
  3933 | D:6      | Reached * piety under Okawaru
  4447 | D:6      | Noticed Pikel
  4615 | D:6      | Killed Pikel
  4615 | D:6      | Reached ** piety under Okawaru
  4616 | D:6      | Reached skill level 5 in Fighting
  4616 | D:6      | Gained mutation: A weak demonic guardian rushes to your
                  | aid. [demonic ancestry]
  4616 | D:6      | Reached XP level 8. HP: 62/62 MP: 8/8
  4828 | D:7      | Found a flagged portal.
  5055 | D:7      | Reached skill level 5 in Invocations
  5095 | D:7      | Reached *** piety under Okawaru
  5096 | D:7      | Reached XP level 9. HP: 62/68 MP: 12/12
  5105 | D:7      | Identified the +5 chain mail of the Great Game {Contam rF+
                  | Str+4}
  5177 | Bailey   | Entered a bailey
  5482 | Bailey   | Reached skill level 5 in Evocations
  5482 | Bailey   | Reached skill level 1 in Dodging
  5791 | Bailey   | Reached **** piety under Okawaru
  5855 | Bailey   | Reached skill level 5 in Dodging
  5855 | Bailey   | Reached skill level 1 in Armour
  6142 | Bailey   | Reached XP level 10. HP: 74/74 MP: 13/13
  6165 | Bailey   | Reached ***** piety under Okawaru
  6238 | Bailey   | Reached skill level 5 in Armour
  6666 | D:7      | Identified the +0 buckler "Ciptu" {rElec Stlth+} (Okawaru
                  | gifted it to you on level 7 of the Dungeon)
  6666 | D:7      | Received a gift from Okawaru
  7355 | D:8      | Noticed Amaemon
  7355 | D:8      | Noticed an orange demon
  7389 | D:8      | Killed an orange demon
  7418 | D:8      | Killed Amaemon
  7520 | D:8      | Identified a scroll of acquirement
  7750 | D:8      | Reached skill level 10 in Fighting
  8262 | D:9      | Found a burning altar of Makhleb.
  8264 | D:9      | Noticed a blizzard demon
  8264 | D:9      | Noticed an angel
  8395 | D:9      | Gained mutation: You sometimes gain power by taking damage.
                  | [demonic ancestry]
  8395 | D:9      | Reached XP level 11. HP: 93/93 MP: 14/14
  8628 | D:9      | Noticed a two-headed ogre
  8633 | D:9      | Killed a two-headed ogre
  8685 | D:9      | Found a bloodstained altar of Trog.
  8686 | D:9      | Noticed a wizard
  8692 | D:9      | Killed a wizard
  8775 | D:9      | Acquired the +0 kite shield "Tepamp" {rC+}
  8789 | D:10     | Entered Level 10 of the Dungeon
  8922 | D:10     | Reached skill level 10 in Polearms
  8960 | D:10     | Found Piomm's Antique Armour Shop.
  8985 | D:10     | Identified the +0 pair of boots "Ysoitaale" {SInv} (Okawaru
                  | gifted it to you on level 10 of the Dungeon)
  8985 | D:10     | Received a gift from Okawaru
  9071 | D:10     | Reached skill level 1 in Shields
  9189 | D:10     | Bought a pitted scale mail for 216 gold pieces
  9189 | D:10     | Identified the +1 scale mail "Hauh" {rF- Will++ Int+2} (You
                  | bought it in a shop on level 10 of the Dungeon)
  9190 | D:10     | Bought a transparent chain mail for 228 gold pieces
  9190 | D:10     | Identified the +1 chain mail of Usmogot {rElec rN+ Str-3
                  | Int+2} (You bought it in a shop on level 10 of the Dungeon)
  9235 | D:10     | Identified the +1 plate armour "Balimat" {Str+2 Dex+3
                  | Stlth-}
  9343 | D:10     | Found a staircase to the Lair.
  9762 | D:11     | Noticed a two-headed ogre
  9773 | D:11     | Killed a two-headed ogre
  9774 | D:11     | Reached skill level 5 in Shields
  9779 | D:11     | Noticed a two-headed ogre
  9788 | D:11     | Killed a two-headed ogre
  9917 | D:11     | Found a gate leading to a gauntlet.
  9923 | Gauntlet | Entered a Gauntlet
  9923 | Gauntlet | Found a transporter.
  9931 | Gauntlet | Found a transporter.
  9933 | Gauntlet | Found a transporter.
  9935 | Gauntlet | Found a transporter.
  9951 | Gauntlet | Noticed a shining eye
  9956 | Gauntlet | Found a transporter.
  9966 | Gauntlet | Found a transporter.
  9969 | Gauntlet | Noticed a purple ugly thing
  9971 | Gauntlet | Noticed a cyan ugly thing
  9974 | Gauntlet | Found a transporter.
  9978 | Gauntlet | Noticed a glowing orange brain
  9990 | Gauntlet | Found a transporter.
 10009 | Gauntlet | Found a transporter.
 10024 | Gauntlet | Noticed a hell beast
 10038 | Gauntlet | Noticed a sun demon
 10040 | Gauntlet | Found a transporter.
 10070 | Gauntlet | Found a transporter.
 10075 | Gauntlet | Found a transporter.
 10081 | Gauntlet | Noticed a ghost crab
 10100 | Gauntlet | Found a transporter.
 10106 | Gauntlet | Found a transporter.
 10108 | Gauntlet | Found a transporter.
 10131 | Gauntlet | Found a transporter.
 10137 | Gauntlet | Found a transporter.
 10143 | Gauntlet | Noticed a five-headed hydra
 10186 | Gauntlet | Found a transporter.
 10188 | Gauntlet | Noticed a shining eye
 10312 | Gauntlet | Paralysed by a floating eye for 3 turns
 10327 | Gauntlet | Gained mutation: You have sharp fingernails. [a shining
                  | eye]
 10331 | Gauntlet | Gained mutation: You occasionally lose the ability to read
                  | scrolls when taking damage. [a shining eye]
 10332 | Gauntlet | Killed a shining eye
 10400 | Gauntlet | Killed a five-headed hydra
 10401 | Gauntlet | Gained mutation: You are partially covered in rugged brown
                  | scales. (AC +1, +3% HP) [demonic ancestry]
 10401 | Gauntlet | Reached XP level 12. HP: 61/106 MP: 9/18
 10402 | Gauntlet | Identified the ring of Vampiric Thralls {MP+9 Dex+3}
 10407 | Gauntlet | Identified the ring "Goruhad" {Fly rN+ MP+9}
 10491 | Gauntlet | Identified the +7 flail of Infinite Pain {freeze, Fly rElec
                  | MP+9 Int-2}
 10491 | Gauntlet | Noticed a minotaur
 10506 | Gauntlet | Killed a minotaur
 10514 | Gauntlet | Found the +1 cloak of Starlight {*Dazzle EV+4 Stlth--}
 10520 | Gauntlet | Got the Guide on the Gestalt
 10523 | Gauntlet | Got the Handbook of the Glacial Barrage
 10525 | Gauntlet | Identified the +5 acid dragon scales of the Arcadian God
                  | {rN+ Will++ rCorr Str+2 Int-3}
 10529 | Gauntlet | Got the Lessons on Hexes
 11236 | D:3      | Killed Wiggles's ghost
 11342 | D:4      | Killed Hipn's ghost
 11540 | D:10     | Received a gift from Okawaru
 11596 | D:10     | Received a gift from Okawaru
 11649 | D:10     | Identified the +6 war axe "Opoetwy" {drain, rN+ Will++}
 11681 | D:10     | Bought a pair of embroidered boots for 180 gold pieces
 11728 | Lair:1   | Entered Level 1 of the Lair of Beasts
 11791 | Lair:1   | Identified the ring of Nonyse {rElec rC+ rCorr Dex+2
                  | Stlth+}
 12048 | Lair:1   | Received a gift from Okawaru
 12212 | Lair:1   | Gained mutation: You are mostly covered in rugged brown
                  | scales. (AC +2, +5% HP) [demonic ancestry]
 12212 | Lair:1   | Reached XP level 13. HP: 108/116 MP: 17/19
 13044 | Lair:2   | Found a staircase to the Snake Pit.
 13052 | Lair:2   | Identified the +0 hat of the Great Game {Rampage rC+
                  | Will+++ Dex-3} (Okawaru gifted it to you on level 2 of the
                  | Lair of Beasts)
 13052 | Lair:2   | Received a gift from Okawaru
 13409 | Lair:2   | Reached skill level 15 in Fighting
 14290 | Lair:3   | Found a staircase to the Swamp.
 14329 | Lair:3   | Reached ****** piety under Okawaru
 14833 | Lair:3   | Identified the +4 falchion "Vimnizach" {spect, rN+}
 14875 | Lair:3   | You fall into a shaft and drop 1 floor!
 15265 | Lair:3   | Identified the +3 ring mail "Fip Oxy" {rC++ Dex+3} (Okawaru
                  | gifted it to you on level 3 of the Lair of Beasts)
 15265 | Lair:3   | Received a gift from Okawaru
 16298 | Lair:5   | Entered Level 5 of the Lair of Beasts
 16328 | Lair:4   | Gained mutation: You are robust. (+10% HP) [demonic
                  | ancestry]
 16328 | Lair:4   | Reached XP level 14. HP: 133/154 MP: 18/20
 16373 | Lair:5   | Found a viscous altar of Jiyva.
 16373 | Lair:5   | Found a staircase to the Slime Pits.
 16542 | Lair:4   | Reached skill level 10 in Invocations
 17208 | Lair:5   | Received a gift from Okawaru
 18119 | Lair:5   | Reached skill level 10 in Shields
 18792 | D:12     | Found a staircase to the Orcish Mines.
 20062 | D:13     | Gained mutation: You have a pair of antennae on your head.
                  | [demonic ancestry]
 20062 | D:13     | Reached XP level 15. HP: 162/162 MP: 22/22
 20453 | D:14     | Noticed Snorg
 20508 | D:14     | Killed Snorg
 20508 | D:14     | Identified the +8 pearl dragon scales of the Camelopard
                  | {Harm rN+ Regen+} (Okawaru gifted it to you on level 14 of
                  | the Dungeon)
 20508 | D:14     | Received a gift from Okawaru
 20709 | D:14     | Noticed Jorgrun
 20727 | D:14     | Killed Jorgrun
 20768 | D:14     | Found a gate to the Vaults.
 21203 | D:14     | Reached skill level 10 in Dodging
 21312 | D:14     | Noticed Azrael
 21356 | D:14     | Killed Azrael
 21613 | D:15     | Entered Level 15 of the Dungeon
 21640 | D:15     | Found a staircase to the Depths.
 21640 | D:15     | Noticed a fire giant
 21719 | D:15     | Noticed Kirke
 21738 | D:15     | Killed Kirke
 22107 | D:15     | Identified the +1 cloak of Oblivion {Int+2 Dex+2} (Okawaru
                  | gifted it to you on level 15 of the Dungeon)
 22107 | D:15     | Received a gift from Okawaru
 22143 | D:15     | Killed a fire giant
 22391 | D:15     | Found a sparkling altar of Nemelex Xobeh.
 22670 | Orc:1    | Entered Level 1 of the Orcish Mines
 22670 | Orc:1    | You fall into a shaft and drop 1 floor!
 22670 | Orc:2    | Entered Level 2 of the Orcish Mines
 23476 | Orc:2    | Found Wewucong's Magic Scroll Shop.
 23570 | Orc:2    | Found a staircase to the Elven Halls.
 23733 | Orc:2    | Reached XP level 16. HP: 170/170 MP: 23/23
 23771 | Orc:2    | Found Nisamelo's Antique Weapon Shop.
 23788 | Orc:2    | Reached skill level 10 in Armour
 23799 | Orc:2    | Found Qownoca's Book Shoppe.
 23807 | Orc:2    | Bought a scroll of silence for 114 gold pieces
 23807 | Orc:2    | Bought a scroll of blinking for 90 gold pieces
 23838 | Orc:2    | Found Qeety's Assorted Antiques.
 24101 | Orc:2    | Bought a manual of Armour for 1040 gold pieces
 24303 | Snake:1  | Entered Level 1 of the Snake Pit
 24631 | Snake:1  | Identified the scarf of the Trilobite {repulsion, rN+}
                  | (Okawaru gifted it to you on level 1 of the Snake Pit)
 24631 | Snake:1  | Received a gift from Okawaru
 24747 | Snake:1  | Noticed Aizul
 24787 | Snake:1  | Killed Aizul
 25705 | Snake:2  | Found Bonkor's Assorted Antiques.
 25708 | Snake:2  | Found Ureitiys's Jewellery Shoppe.
 25708 | Snake:2  | Found Cawovooc's Assorted Antiques.
 25711 | Snake:2  | Found Gaceis's Antique Armour Shoppe.
 25826 | Snake:2  | Bought a large granite ring for 160 gold pieces
 25833 | Snake:2  | Bought a pair of embroidered gloves for 210 gold pieces
 25883 | Snake:2  | Reached skill level 15 in Armour
 26405 | Snake:2  | Identified the scarf of the Loofah {shadows, rElec Str+3}
                  | (Okawaru gifted it to you on level 2 of the Snake Pit)
 26405 | Snake:2  | Received a gift from Okawaru
 26929 | Snake:2  | Reached XP level 17. HP: 178/178 MP: 9/24
 27119 | Snake:3  | Reached skill level 15 in Polearms
 27751 | Snake:3  | Found Buet Los's Antique Weapon Shop.
 27837 | Snake:3  | Identified the +0 buckler "Apegg" {Regen+ Int+3} (Okawaru
                  | gifted it to you on level 3 of the Snake Pit)
 27837 | Snake:3  | Received a gift from Okawaru
 28051 | Snake:3  | Found Okopoleg's Assorted Antiques.
 28167 | Snake:4  | Entered Level 4 of the Snake Pit
 28937 | Snake:4  | Found Huotiz's Magic Scroll Emporium.
 29569 | Snake:4  | Received a gift from Okawaru
 29757 | Snake:4  | Identified the +4 chain mail "Kazy" {Int+3} (Okawaru gifted
                  | it to you on level 4 of the Snake Pit)
 29757 | Snake:4  | Received a gift from Okawaru
 29809 | Snake:4  | Got a serpentine rune of Zot
 30048 | Swamp:1  | Entered Level 1 of the Swamp
 30328 | Swamp:1  | Found a runed translucent gate.
 30329 | Swamp:1  | Found a runed translucent gate.
 30330 | Swamp:1  | Found a runed translucent gate.
 30331 | Swamp:1  | Noticed Rem's ghost (journeyman OpTm)
 30338 | Swamp:1  | Noticed LynnLen's ghost (adept SpEn)
 30339 | Swamp:1  | Noticed KittyFluff's ghost (adept GrBe)
 30340 | Swamp:1  | Noticed Drunn's ghost (adept DsEE)
 30407 | Swamp:1  | Gained mutation: You are completely covered in rugged brown
                  | scales. (AC +3, +7% HP) [demonic ancestry]
 30407 | Swamp:1  | Reached XP level 18. HP: 178/189 MP: 25/25
 31086 | Swamp:2  | Got the Atlas of Mutated Rime
 31512 | Swamp:3  | Found a frozen archway.
 31599 | IceCv    | Entered an ice cave
 32618 | Swamp:3  | Identified the +9 plate armour of Hide-and-Seek {rElec
                  | rPois Int+3} (Okawaru gifted it to you on level 3 of the
                  | Swamp)
 32618 | Swamp:3  | Received a gift from Okawaru
 32680 | Swamp:3  | Noticed a tentacled monstrosity
 32710 | Swamp:3  | Killed a tentacled monstrosity
 33143 | Swamp:3  | Identified the +0 pair of gloves "Qeagap" {rF+ Str-3 Int+4
                  | Stlth+}
 33171 | Swamp:3  | Found a runed translucent door.
 33285 | Swamp:3  | Identified the +12 spear of Callousness {freeze, rN+ Str+2
                  | Dex+3}
 33286 | Swamp:3  | Noticed Ychix's ghost (journeyman GnSk)
 33381 | Swamp:3  | Killed Ychix's ghost
 33425 | Swamp:4  | Entered Level 4 of the Swamp
 33806 | Swamp:4  | Noticed Mlioglotl
 33916 | Swamp:4  | Noticed Mara
 33929 | Swamp:3  | Received a gift from Okawaru
 33978 | Swamp:4  | Killed Mlioglotl
 33979 | Swamp:4  | Gained mutation: You have a pair of large antennae on your
                  | head. (SInv) [demonic ancestry]
 33979 | Swamp:4  | Reached XP level 19. HP: 185/200 MP: 26/26
 34237 | Swamp:4  | Identified the +2 pair of boots of Youthful Indiscretion
                  | {rC+ rCorr} (Okawaru gifted it to you on level 4 of the
                  | Swamp)
 34237 | Swamp:4  | Received a gift from Okawaru
 34313 | Swamp:3  | Noticed LordWeiramon's illusion
 34344 | Swamp:3  | Killed Mara
 34716 | Swamp:4  | Found a basalt altar of Yredelemnul.
 34730 | Swamp:4  | Got a decaying rune of Zot
 34803 | Swamp:4  | Found a blossoming altar of Fedhas.
 34991 | Swamp:1  | Killed Drunn's ghost
 35012 | Swamp:1  | Killed LynnLen's ghost
 35021 | Swamp:1  | Killed Rem's ghost
 35048 | Swamp:1  | Killed KittyFluff's ghost
 35057 | Swamp:1  | Got the Omnibus of Hexes
 35072 | Swamp:1  | Identified the +8 broad axe of the Demagogue {drain, rF+
                  | Dex+5}
 35077 | Swamp:1  | Identified the +2 quarterstaff "Demonspawn's Peril" {vamp,
                  | rElec}
 35079 | Swamp:1  | Acquired the amulet "Huimaezy" {Acrobat Will+ rCorr Slay+2}
 35320 | Elf:1    | Entered Level 1 of the Elven Halls
 35570 | Elf:1    | Got Wabbo's Almanac of Displacement
 36091 | Elf:1    | Found Uckoig's Magic Scroll Shoppe.
 36103 | Elf:1    | Bought a scroll of magic mapping for 97 gold pieces
 36103 | Elf:1    | Bought a scroll of blinking for 97 gold pieces
 36103 | Elf:1    | Bought a scroll of magic mapping for 97 gold pieces
 36103 | Elf:1    | Bought a scroll of teleportation for 39 gold pieces
 36103 | Elf:1    | Bought a scroll of blinking for 97 gold pieces
 36128 | Elf:1    | Found a shimmering blue altar of Sif Muna.
 36606 | Elf:2    | Received a gift from Okawaru
 36901 | Elf:2    | Found a runed translucent gate.
 36901 | Elf:2    | Found a runed translucent gate.
 36901 | Elf:2    | Found a runed translucent gate.
 37070 | Elf:2    | Found Laegrib's Book Shop.
 37070 | Elf:2    | Found Duekeu's Jewellery Shoppe.
 37071 | Elf:2    | Found Vaudu's Jewellery Shoppe.
 37541 | Elf:2    | Identified the +2 quarterstaff "Arcanum" {heavy, rN++}
                  | (Okawaru gifted it to you on level 2 of the Elven Halls)
 37541 | Elf:2    | Received a gift from Okawaru
 38060 | Elf:3    | Entered Level 3 of the Elven Halls
 38063 | Elf:3    | Found Byqaxal's Mayhem Merchandise.
 38101 | Elf:3    | Identified the +0 ring mail of Articulation {Rampage}
 38140 | Elf:3    | Found Isupt's Antique Weapon Emporium.
 38157 | Elf:3    | Reached XP level 20. HP: 184/212 MP: 27/27
 38966 | Elf:3    | Received a gift from Okawaru
 39248 | Elf:3    | Identified the +1 robe "Gicutwoi" {rElec}
 39248 | Elf:3    | Identified the ring "Wiuhuss" {rElec rPois Int+5 Stlth+}
 39357 | Elf:2    | Bought a manual of Shields for 1280 gold pieces
 39505 | Elf:3    | Identified the amulet "Peerphu" {RegenMP rF+}
 39627 | Elf:3    | Reached skill level 15 in Shields
 39650 | Elf:3    | Got the Tome of the Wild Assassin
 39656 | Elf:3    | Identified the +1 gold dragon scales of Classification
                  | {*Corrode rPois rF+ rC+ Regen+ SInv Stlth+}
 39663 | Elf:3    | Identified the +0 chain mail "Peobux" {rPois Str+2}
 39669 | Elf:3    | Identified the staff of poison "Ceohuq" {rElec rPois}
 39916 | Vaults:1 | Entered Level 1 of the Vaults
 40066 | Vaults:1 | Identified the +5 demon trident of Eternity {freeze, rElec
                  | rN+} (Okawaru gifted it to you on level 1 of the Vaults)
 40066 | Vaults:1 | Received a gift from Okawaru
 40959 | Vaults:1 | Received a gift from Okawaru
 41966 | Vaults:2 | Gained mutation: You are powered by pain. [demonic
                  | ancestry]
 41966 | Vaults:2 | Reached XP level 21. HP: 221/221 MP: 28/28
 42836 | Vaults:2 | Received a gift from Okawaru
 42883 | Vaults:2 | Reached skill level 15 in Dodging
 42988 | Vaults:3 | Found a staircase to the Crypt.
 43174 | Vaults:3 | Received a gift from Okawaru
 43394 | Vaults:3 | Noticed Zenata
 43415 | Vaults:3 | Killed Zenata
 43452 | Vaults:3 | Noticed Frederick
 43471 | Vaults:3 | Killed Frederick
 43498 | Vaults:3 | Noticed Mennas
 43525 | Vaults:3 | Killed Mennas
 43997 | Vaults:3 | Found a runed translucent door.
 43997 | Vaults:3 | Found a shimmering altar of Xom.
 43997 | Vaults:3 | Identified the +5 dire flail of Infinite Pain {chaos,
                  | Stlth+}
 43998 | Vaults:3 | Noticed Forgeling's ghost (adept FeEn)
 44028 | Vaults:3 | Killed Forgeling's ghost
 44235 | Vaults:3 | Received a gift from Okawaru
 44243 | Vaults:3 | Identified the staff of earth "Kerumipt" {Int+2}
 44903 | Vaults:4 | Identified the +0 troll leather armour of the Everdark
                  | {Regen+ Int+2}
 45389 | Vaults:4 | Gained mutation: You are very robust. (+20% HP) [demonic
                  | ancestry]
 45389 | Vaults:4 | Reached XP level 22. HP: 213/248 MP: 29/29
 45611 | Vaults:4 | Identified the +2 pair of boots "Akyeheil" {rPois rF+ rCorr
                  | Stlth-} (Okawaru gifted it to you on level 4 of the Vaults)
 45611 | Vaults:4 | Received a gift from Okawaru
 46178 | Depths:1 | Entered Level 1 of the Depths
 46267 | Depths:1 | Found a gateway to Hell.
 46880 | Depths:1 | Found a one-way gate leading to the halls of Pandemonium.
 46947 | Depths:1 | Found a one-way gateway to a ziggurat.
 47289 | Depths:1 | You are sucked into a shaft and drop 1 floor!
 47712 | Depths:2 | Noticed Nikola
 47732 | Depths:2 | Killed Nikola
 47896 | Depths:2 | Received a gift from Okawaru
 47929 | Depths:2 | Noticed the Enchantress
 47974 | Depths:2 | Killed the Enchantress
 48140 | Depths:2 | Found a broken altar of Ashenzari.
 48901 | Depths:3 | Received a gift from Okawaru
 49120 | Depths:3 | Found Edenad's Magic Scroll Shoppe.
 49262 | Depths:3 | Received a gift from Okawaru
 49424 | Depths:3 | Found a one-way gate to the infinite horrors of the Abyss.
 49429 | Depths:3 | Found a corrupted altar of Lugonu.
 49684 | Depths:3 | Noticed a juggernaut
 49705 | Depths:3 | Killed a juggernaut
 49706 | Depths:3 | Gained mutation: A demonic guardian rushes to your aid.
                  | [demonic ancestry]
 49706 | Depths:3 | Reached XP level 23. HP: 225/257 MP: 30/30
 50394 | Depths:4 | Entered Level 4 of the Depths
 50592 | Depths:4 | Noticed a juggernaut
 50620 | Depths:4 | Killed a juggernaut
 51344 | Depths:4 | Noticed Parghit
 51378 | Depths:4 | Killed Parghit
 51504 | Depths:4 | Found a hide-covered altar of Uskayaw.
 51506 | Depths:4 | Found a shimmering altar of Xom.
 51506 | Depths:4 | Found a shadowy altar of Dithmenos.
 51508 | Depths:4 | Found a basalt altar of Yredelemnul.
 51508 | Depths:4 | Found a sacrificial altar of Ru.
 51891 | Snake:2  | Bought the ring "Vank" {Will+ Slay+4} for 1540 gold pieces
 52516 | Depths:4 | Noticed Vv
 52534 | Depths:4 | Killed Vv
 52569 | Depths:4 | Found a gate to the Realm of Zot.
 53241 | Vaults:5 | Entered Level 5 of the Vaults
 53442 | Vaults:4 | Identified the +3 kite shield of Feoczaur {rC+ Int+3 SInv}
                  | (Okawaru gifted it to you on level 4 of the Vaults)
 53442 | Vaults:4 | Received a gift from Okawaru
 54223 | Vaults:5 | Got a silver rune of Zot
 54510 | Vaults:5 | Identified the +4 war axe of Terra Nullius {protect, rPois
                  | Str+4 Dex+3}
 54528 | Vaults:5 | Reached XP level 24. HP: 252/266 MP: 31/31
 54644 | Vaults:5 | Noticed Saint Roka
 54671 | Vaults:5 | Killed Saint Roka
 54895 | Vaults:5 | Identified the +0 plate armour "Afuaffiy" {rPois Int+3}
                  | (Okawaru gifted it to you on level 5 of the Vaults)
 54895 | Vaults:5 | Received a gift from Okawaru
 55018 | Vaults:5 | Identified the staff of air "Hodeuff" {rElec rPois}
 55201 | Vaults:5 | Identified the +4 scale mail "Uroujoh" {Harm}
 55219 | Vaults:5 | Identified the +6 trident of Resourcefulness {venom, rPois
                  | Int+3}
 55228 | Vaults:5 | Identified the +9 short sword of Fedhas's Indignation
                  | {protect, rN+ Str-4 Int+2 SInv}
 55499 | Vaults:5 | Identified the +0 ring mail of True Grit {rF+ Str+5 Int+3
                  | Dex-5}
 55548 | Vaults:5 | Reached skill level 15 in Invocations
 55566 | Vaults:5 | Noticed a dread lich
 55585 | Vaults:5 | Killed a dread lich
 56459 | Zot:1    | Entered Level 1 of the Realm of Zot
 56745 | Depths:3 | Bought a scroll of teleportation for 51 gold pieces
 56745 | Depths:3 | Bought a scroll of silence for 161 gold pieces
 56745 | Depths:3 | Bought a scroll of blinking for 127 gold pieces
 57083 | Snake:4  | Bought a scroll of blinking for 120 gold pieces
 57083 | Snake:4  | Bought 2 scrolls of magic mapping for 240 gold pieces
 57083 | Snake:4  | Bought a scroll of fog for 64 gold pieces
 57132 | Snake:2  | Bought a potion of heal wounds for 160 gold pieces
 57132 | Snake:2  | Bought a potion of curing for 96 gold pieces
 57177 | Snake:3  | Bought a wand of quicksilver (4) for 571 gold pieces
 57889 | Zot:1    | Received a gift from Okawaru
 59329 | Zot:2    | Received a gift from Okawaru
 59897 | Zot:2    | Gained mutation: You are extremely robust. (+30% HP)
                  | [demonic ancestry]
 59897 | Zot:2    | Reached XP level 25. HP: 196/297 MP: 34/34
 60530 | Zot:3    | Identified the +1 hat of the Clam {rCorr}
 61123 | Zot:4    | Identified the +7 spear "Hilar" {freeze, Str+3} (Okawaru
                  | gifted it to you on level 4 of the Realm of Zot)
 61123 | Zot:4    | Received a gift from Okawaru
 61736 | Zot:5    | Entered Level 5 of the Realm of Zot
 61736 | Zot:5    | Found Elicwiag's Changing Room.
 61792 | Zot:5    | Bought a potion of mutation for 184 gold pieces
 61792 | Zot:5    | Bought a potion of mutation for 184 gold pieces
 61970 | Zot:5    | Noticed an orb of fire
 61974 | Zot:5    | Gained mutation: You are clumsy. (Dex -2) [an orb of fire]
 61979 | Zot:5    | Killed an orb of fire
 62018 | Zot:5    | Received a gift from Okawaru
 62388 | Zot:5    | Noticed a dread lich
 62400 | Zot:5    | Killed a dread lich
 62443 | Zot:5    | Noticed an orb of fire
 62468 | Zot:5    | Noticed an orb of fire
 62489 | Zot:5    | Killed an orb of fire
 62490 | Zot:5    | Noticed a dread lich
 62502 | Zot:5    | Killed a dread lich
 62505 | Zot:5    | Gained mutation: Your body sometimes deteriorates upon
                  | taking damage. [an orb of fire]
 62512 | Zot:5    | Killed an orb of fire
 62679 | Zot:5    | Noticed an ancient lich
 62680 | Zot:5    | Noticed an ancient lich
 62701 | Zot:5    | Killed an ancient lich
 62701 | Zot:5    | Identified the +5 spear "Emni" {spect, rF+} (Okawaru gifted
                  | it to you on level 5 of the Realm of Zot)
 62701 | Zot:5    | Received a gift from Okawaru
 62707 | Zot:5    | Killed an ancient lich
 63233 | Zot:5    | Noticed an ancient lich
 63273 | Zot:5    | Killed an ancient lich
 63423 | Zot:5    | Noticed a Killer Klown
 63456 | Zot:5    | Killed a Killer Klown
 63456 | Zot:5    | Received a gift from Okawaru
 63480 | Zot:5    | Noticed an orb of fire
 63487 | Zot:5    | Gained mutation: Your body often deteriorates upon taking
                  | damage. [an orb of fire]
 63499 | Zot:5    | Killed an orb of fire
 63500 | Zot:5    | Gained mutation: A powerful demonic guardian rushes to your
                  | aid. [demonic ancestry]
 63500 | Zot:5    | Reached XP level 26. HP: 208/306 MP: 34/34
 63741 | Zot:5    | Noticed an ancient lich
 63748 | Zot:5    | Killed an ancient lich
 64003 | Zot:5    | Lost mutation: Your body often deteriorates upon taking
                  | damage. [potion of mutation]
 64003 | Zot:5    | Lost mutation: You occasionally lose the ability to read
                  | scrolls when taking damage. [potion of mutation]
 64004 | Zot:5    | Lost mutation: You have sharp fingernails. [potion of
                  | mutation]
 64004 | Zot:5    | Lost mutation: You are clumsy. (Dex -2) [potion of
                  | mutation]
 64004 | Zot:5    | Lost mutation: Your body sometimes deteriorates upon taking
                  | damage. [potion of mutation]
 64004 | Zot:5    | Gained mutation: Your flesh is cold resistant. (rC+)
                  | [potion of mutation]
 64004 | Zot:5    | Gained mutation: You are somewhat resistant to further
                  | mutation. [potion of mutation]
 64024 | Zot:5    | Got the Orb of Zot
 64394 | D:11     | Identified the +1 ring mail of Death Resistance {Fly rPois
                  | Int+3} (Okawaru gifted it to you on level 11 of the
                  | Dungeon)
 64394 | D:11     | Received a gift from Okawaru
 64399 | D:11     | Noticed Pasomush the pandemonium lord
 64422 | D:11     | Killed Pasomush the pandemonium lord
 64451 | D:8      | Noticed Secsor the pandemonium lord
 64467 | D:8      | Killed Secsor the pandemonium lord
 64627 | D:$      | Escaped with the Orb!

Illustrated notes

Levels and vault maps discovered:
D:1:      eino_arrival_cavern_a, layout_basic, minmay_misc_feat_four_crosses,
          nicolae_titane
D:2:      layout_rooms, basic_altar, roderic_malta_cross,
          kennysheep_decorative_pillar, st_stairs_6, serial_park_tiny_pond,
          minmay_crystal_room, minmay_diced_spiral
D:3:      layout_basic, xom_butterflies, gammafunk_ghost_split,
          ebering_ecumenical_altar_petrified, chequers_decorated_corner
D:4:      wad_woods_stonehenge, layout_rooms,
          grunt_temple_overflow_forces_of_nature, ebering_ghost_gozag
D:5:      layout_basic, lemuel_crystal_altar, okawaru_metal_pillars_1_2,
          nicolae_overflow_crystal_walls, minmay_temple_entry_mist
D:6:      layout_loops_ring, kennysheep_generic_room_12, uniq_pikel
D:7:      layout_rooms, enter_bailey_5, minmay_manual_mullet
D:8:      layout_gridville, kennysheep_mini, hangedman_abyss_or_decor_passed,
          minmay_misc_feat_room, uniq_amaemon
D:9:      layout_cave_pools, grunt_temple_overflow_order_and_chaos_2,
          trog_wizard, hangedman_decor_push
D:10:     layout_roguey, david_lair_generic, serial_shops,
          nicolae_shop_advertising_works [nicolae_subvault_shop_adworks],
          amcnicky_mini_corridor_feature, grunt_decor_fettered,
          minmay_rotating_lava
D:11:     layout_loops_ring, gauntlet_entry_generic
D:12:     layout_cave_pods, erik_orc_3
D:13:     layout_loops_corners
D:14:     layout_cave_pools, skrybe_vaults_entry_preservation, minmay_nine_imps,
          uniq_snorg, uniq_jorgrun, uniq_azrael
D:15:     grunt_enter_depths_giant_problem, layout_stronghold,
          roderic_lattice_a, nemelex_lonely_heart_becter, uniq_kirke
Lair:1:   layout_layer_cave, serial_bayou, serial_bayou_lagoon_a,
          serial_bayou_shore_b, serial_bayou_crossing, serial_bayou_shore_b,
          st_stairs_11, nicolae_quartered_pool_little, grunt_megastairs_5,
          serial_bayou_shore_b
Lair:2:   layout_cave_pods, minmay_snake_entry_guardpost_large
Lair:3:   layout_small_grid, swamp_mist_pool
Lair:4:   layout_cave_pods, serial_bayou_shore_b, grunt_megastairs_4,
          infiniplex_staircase_pool_2
Lair:5:   minmay_lair_end_enchanted_forest, layout_cave_shapes, slime_entry_1
Swamp:1:  layout_basic_swamp, gammafunk_ghost_cemetery,
          evilmike_swamp_ruin_rubble_2
Swamp:2:  layout_basic_swamp, nicolae_swamp_stair_fork, swamp_pool2
Swamp:3:  layout_basic_swamp, portal_ice_cave_entry_ice_statue_two,
          ebering_ghost_funeral_grove, hangedman_swamp_ruin_wall
Swamp:4:  byrel_swamp_growth_death_and_undeath, layout_basic_swamp, uniq_mara,
          uniq_mlioglotl
Snake:1:  layout_gridlike, uniq_aizul
Snake:2:  layout_misc_corridors, minmay_shoptagon, grunt_megastairs_3
Snake:3:  layout_layer_cave, serial_shops, nicolae_shop_just_a_little_nook,
          nicolae_snake_biting_tails, minmay_shop_star
Snake:4:  snake_pit, layout_basic, serial_shops, shop
Orc:1:    layout_caves
Orc:2:    st_orc_open, layout_diamond_mine
Elf:1:    eino_elf_arrival_sip, layout_geoelf_diagonals, serial_shops,
          nicolae_shop_temple_entry_statues_fountains, basic_altar,
          minmay_elf_sorcery, due_unseen_surprise
Elf:2:    elven_hall_of_blades_hangedman_original
          [nicolae_blade_entry_sentries_behind_glass], layout_geoelf_diagonals,
          minmay_shop_grove, grunt_megastairs_2
Elf:3:    elf_hall, layout_loops_ring, serial_shops, nicolae_shop_dealshenge,
          serial_sigils_hangedman_stare, minmay_shop_mayhem
Vaults:1: nicolae_vaults_tangram_1, ontoclasm_vaults_tryst,
          nicolae_vaults_octothorpe, ontoclasm_vaults_fault, v_misc_3,
          vaults_standard_mumra_lines, ontoclasm_vaults_ring_small,
          nicolae_vaults_door_testing_chamber, nicolae_vaults_little_squares_2,
          nicolae_vaults_frosty_reception, v_alt_pattern_5,
          nicolae_vaults_diagonal_hallway_9, v_misc_2, layout_vaults_omnibox
Vaults:2: vaults_room_corners, v_misc_9, grunt_vaults_twisty,
          dpeg_vaults_monster_row, vaults_dpeg_hooks, nicolae_vaults_alarming,
          nicolae_vaults_little_ls, nicolae_vaults_yaktaur_gun_rack,
          nicolae_vaults_asterisk, v_misc_23, nicolae_vaults_tetromino_T_2,
          nicolae_vaults_back_hallway, layout_vaults_maze_snakey
Vaults:3: ebering_ghost_xom, hangedman_vaults_snaps, nicolae_vaults_asterisk,
          grunt_vaults_bifocal, vaults_mumra_minichess_inversion,
          vaults_room_hangedman_quadrants, layout_vaults_omnigrid,
          minmay_crypt_entry_nasty_monster, uniq_frederick, uniq_mennas,
          uniq_zenata
Vaults:4: nicolae_vaults_offset_grid_hallway_3, vaults_dpeg_encased_lava,
          nicolae_vaults_stairing_the_circle, nicolae_vaults_little_squares_2,
          nicolae_vaults_heart-shaped_vault, vaults_room_fours,
          vaults_room_hallway, nicolae_vaults_what_the_h,
          nicolae_vaults_three_branches, nicolae_vaults_surprise_closet,
          nicolae_vaults_tetromino_T_2, nicolae_vaults_ring_of_whatevers,
          layout_vaults_omnicross
Vaults:5: serial_shops, uniq_saint_roka
Depths:1: layout_gridville, enter_ziggurat_e, pan_entry,
          hangedman_tar_grid_catacomb, kennysheep_donut,
          statue_in_the_mist_lemuel, glass_columns_a, kennysheep_kite_vault
Depths:2: kennysheep_cluttered_fort, layout_gridlike, hell_entry,
          serial_sigils_hangedman_clutch, pan_entry,
          cheibrodos_ashenzari_chains, infiniplex_staircase_diamond,
          uniq_nikola, uniq_enchantress
Depths:3: nzn_winding_woodlands_medium [nzn_winding_woodlands_5x5_perimeter,
          nzn_winding_woodlands_5x15_jagged,
          nzn_winding_woodlands_5x5_open_star,
          nzn_winding_woodlands_5x5_checkerboard,
          nzn_winding_woodlands_center_garden,
          nzn_winding_woodlands_5x5_default, nzn_winding_woodlands_5x5_three,
          nzn_winding_woodlands_5x15_cabin,
          nzn_winding_woodlands_5x5_closed_star], layout_cave_pools,
          serial_shops, shop, abyss_entry_flame_altar, pf_coc_iceberg,
          drop_trap, tso_oasis_becter, infiniplex_staircase_diamond,
          serial_bayou_shore_b, serial_bayou_shore_b
Depths:4: grunt_zot_entry_hairpin, layout_basic, grunt_hell_horde,
          doesnt_xom_only_xom, chequers_serial_rivers_micro_a,
          nicolae_concentric_dashed_squares_mild, minmay_microvault, uniq_vv,
          uniq_parghit
Zot:1:    layout_misc_corridors
Zot:2:    layout_misc_corridors, skrybe_zot_glass_3
Zot:3:    layout_misc_corridors
Zot:4:    layout_gridville
Zot:5:    layout_misc_corridors, nicolae_transmutations_shop

Skill      XL: |  1  2  3  4  5  6  7  8  9 10 11 12 13 14 15 16 17 18 19 20 21 22 23 24 25 26 |
---------------+-------------------------------------------------------------------------------+-----
Fighting       | 3 4 5 11 12 13 19 20 22 | 22.0
Short Blades   | 2 |  2.0
Polearms       | 1 3 5 8 9 10 14 17 20 22 | 22.0
Invocations    | 5 8 10 15 | 15.0
Evocations     | 3 5 |  5.0
Dodging        | 5 7 10 13 16 19 22 | 22.0
Armour         | 4 5 9 16 18 22 | 22.0
Shields        | 5 10 13 15 18 19 20 | 20.8
Long Blades    | |  0.8
Throwing       | |  1.7
Stealth        | |  3.6

Action                     |  1- 3 |  4- 6 |  7- 9 | 10-12 | 13-15 | 16-18 | 19-21 | 22-24 | 25-27 || total
---------------------------+-------+-------+-------+-------+-------+-------+-------+-------+-------++-------
  Melee: Dagger            |   115 |    86 |       |       |       |       |       |       |       ||   201
         Punch             |     1 |       |       |       |       |       |       |       |       ||     1
         Trident           |       |    84 |   258 |   728 |  2094 |  3089 |  3316 |  1798 |       || 11367
         Demon trident     |       |       |       |       |       |       |       |  1382 |   946 ||  2328
  Throw: Dart              |    17 |    19 |    53 |    19 |       |       |       |       |       ||   108
         Javelin           |       |       |       |       |       |       |     6 |       |       ||     6
 Invoke: Heroism           |       |       |       |     7 |     7 |     8 |    11 |    10 |     8 ||    51
         Finesse           |       |       |       |     2 |     1 |     2 |     7 |     3 |     3 ||    18
  Evoke: Wand              |       |     2 |     7 |    18 |       |     1 |     9 |     6 |       ||    43
         Condenser vane    |       |       |       |       |       |       |     1 |       |       ||     1
         Phial of floods   |       |       |       |       |       |       |     1 |     1 |       ||     2
         Lightning rod     |       |       |       |       |       |       |     1 |       |       ||     1
    Use: Scroll            |     3 |     4 |     3 |     9 |     9 |     9 |     2 |    14 |     4 ||    57
         Potion            |     1 |       |     1 |     5 |       |       |     4 |     3 |     3 ||    17
   Stab: Sleeping          |     5 |    10 |     1 |     3 |     9 |    11 |    14 |       |     1 ||    54
         Distracted        |     1 |     1 |       |       |     5 |     5 |     5 |     3 |     1 ||    21
         Paralysed         |       |     5 |     8 |    26 |       |       |    11 |       |       ||    50
         Invisible         |       |       |       |     9 |    81 |   118 |    88 |    98 |    15 ||   409
 Armour: Robe              |    24 |    15 |    19 |     6 |       |       |       |       |       ||    64
         Leather armour    |       |     1 |     8 |       |       |       |       |       |       ||     9
         Troll leather arm |       |       |       |    48 |       |       |       |       |       ||    48
         Acid dragon scale |       |       |       |    53 |   543 |   709 |   611 |   439 |    91 ||  2446
  Dodge: Dodged            |    54 |    43 |   105 |   260 |  1241 |  1716 |  1685 |  1467 |   358 ||  6929
  Block: Buckler           |       |       |       |    15 |       |       |       |       |       ||    15
         Kite shield       |       |       |       |    93 |  1127 |  1438 |  1512 |  1473 |   344 ||  5987
